 Dungeon Crawl Stone Soup version 0.26.1-11-gd32895ea62 (webtiles) character file.

Game seed: 9110583616893941072

511 dtburroughs the Skirmisher (level 6, -10/56 HPs)
             Began as a Minotaur Berserker on July 14, 2021.
             Was a Priest of Trog.
             Mangled by an orc warrior
             ... wielding a cursed -3 war axe
              (19 damage)
             ... on level 8 of the Dungeon.
             The game lasted 00:06:50 (3673 turns).

dtburroughs the Skirmisher (Minotaur Berserker)     Turns: 3673, Time: 00:06:51

Health: -10/56     AC: 14    Str: 22    XL:     6   Next: 99%
Magic:  5/5        EV:  7    Int:  6    God:    Trog [***...]
Gold:   206        SH:  4    Dex:  9    Spells: 5/5 levels left

rFire    . . .     SeeInvis .   a - +0 hand axe
rCold    . . .     Faith    .   h - +0 buckler
rNeg     . . .     Spirit   .   m - +0 plate armour
rPois    .         Reflect  .   (helmet restricted)
rElec    .         Harm     .   (no cloak)
rCorr    .         Rampage  .   l - +0 pair of gloves
Will     .....                  p - +0 pair of boots
Stlth    ..........             (no amulet)
HPRegen  0.18/turn              (no ring)
MPRegen  0.09/turn              (no ring)

@: no status effects
A: retaliatory headbutt, horns 2
a: Renounce Religion, Berserk, Trog's Hand


You were on level 8 of the Dungeon.
You worshipped Trog.
Trog was most pleased with you.
You visited 1 branch of the dungeon, and saw 7 of its levels.

You collected 206 gold pieces.

Inventory:

Hand Weapons
 a - a +0 hand axe (weapon)
Armour
 h - a +0 buckler (worn)
 l - a +0 pair of gloves (worn)
 m - a +0 plate armour (worn)
 p - a +0 pair of boots (worn)
 s - a +1 pair of gloves
Wands
 b - a wand of digging (2)
 o - a wand of paralysis (11)
Scrolls
 c - 6 scrolls of identify {unknown}
 e - a scroll of fear {unknown}
 f - 5 scrolls of teleportation {unknown}
 g - 6 scrolls of remove curse {unknown}
 i - 3 scrolls of amnesia {unknown}
 k - 2 scrolls of fog {unknown}
 q - a scroll of enchant weapon {unknown}
 r - a scroll of magic mapping {unknown}
 t - a scroll of enchant armour {unknown}
Potions
 d - 2 potions of flight {unknown}
 j - 2 potions of lignification {unknown}
 n - a potion of attraction {unknown}
 u - a potion of mutation {unknown}


   Skills:
 + Level 5.2 Fighting
 + Level 5.2 Axes
 + Level 4.4 Armour
 + Level 4.0 Dodging
 + Level 3.5 Shields
 + Level 1.6 Evocations


You had 5 spell levels left.
You didn't know any spells.
Your spell library was empty.

Dungeon Overview and Level Annotations

Branches:
Dungeon (6/15)             Temple (0/1) D:4

Altars:
Gozag
Okawaru

Shops:
D:4 ([}

Annotations:
D:5 Prince Ribbit


Innate Abilities, Weirdness & Mutations

You reflexively headbutt those who attack you in melee.
You have a pair of horns on your head.


Message History

You hit the orc warrior but do no damage.
The orc warrior is moderately wounded.
The orc warrior barely misses you.
You closely miss the orc warrior.
The orc warrior is moderately wounded.
The orc warrior hits you but does no damage.
You barely miss the orc warrior. Your headbutt misses the orc warrior.
The orc warrior is moderately wounded.
The orc warrior hits you with a cursed -3 war axe!
* * * LOW HITPOINT WARNING * * *
You hit the orc warrior but do no damage.
Your headbutt misses the orc warrior.
The orc warrior is moderately wounded.
The orc warrior hits you with a cursed -3 war axe.
* * * LOW HITPOINT WARNING * * *
You hit the orc warrior but do no damage.
You headbutt the orc warrior, but do no damage.
The orc warrior is moderately wounded.
The orc warrior hits you with a cursed -3 war axe!!
You die...

#...# #..<....$..
###...###..........
+.'...'............
###...####.........
#...# #.........
#...# #.........
.....# #.).......
###.#.# #)o.......
...## #@........
#... #......>..
#)........
#.........
#.......).
#.........
#######+#


You could see an orc warrior.

Vanquished Creatures
  An ogre (D:4)
  2 orc priests
  A gnoll shaman (D:5)
  4 worker ants
  8 adders
  5 gnolls (D:5)
  2 oozes
  A worm (D:4)
  4 dart slugs
  3 leopard geckos
  13 orcs
  9 bats
  3 giant cockroaches
  7 goblins
  2 hobgoblins
  11 jackals
  4 quokkas
  A ball python (D:3)
  5 frilled lizards
  5 kobolds
  8 rats
99 creatures vanquished.

Notes
Turn   | Place    | Note
-------+----------+-------------------------------------------
     0 | D:1      | dtburroughs the Minotaur Berserker began the quest for the
                  | Orb.
     0 | D:1      | Reached XP level 1. HP: 19/19 MP: 0/0
   160 | D:1      | Reached XP level 2. HP: 27/27 MP: 1/1
   729 | D:2      | Reached skill level 1 in Shields
   729 | D:2      | Reached XP level 3. HP: 24/33 MP: 2/2
  1020 | D:2      | Reached ** piety under Trog
  1227 | D:2      | Reached XP level 4. HP: 36/40 MP: 3/3
  1284 | D:2      | Found an opulent altar of Gozag.
  1941 | D:3      | You fall into a shaft and drop 2 floors!
  1941 | D:5      | Entered Level 5 of the Dungeon
  1952 | D:5      | Reached XP level 5. HP: 34/47 MP: 4/4
  2159 | D:4      | Found Qaicvyaf's Gadget Shop.
  2242 | D:4      | You fall into a shaft and drop 1 floor!
  2261 | D:4      | Noticed an ogre
  2320 | D:3      | Found an iron altar of Okawaru.
  2504 | D:3      | Reached *** piety under Trog
  2505 | D:3      | Reached XP level 6. HP: 18/55 MP: 5/5
  2772 | D:3      | Reached skill level 1 in Evocations
  3122 | D:4      | Found Busuthrud's Antique Armour Boutique.
  3169 | D:4      | Found a staircase to the Ecumenical Temple.
  3221 | D:4      | Found Malot's Weapon Shop.
  3227 | D:4      | Reached skill level 5 in Fighting
  3227 | D:4      | Reached skill level 5 in Axes
  3337 | D:4      | You fall into a shaft and drop 2 floors!
  3523 | D:5      | Noticed Prince Ribbit
  3642 | D:5      | You fall into a shaft and drop 3 floors!
  3654 | D:8      | Noticed an orc warrior
  3673 | D:8      | Mangled by an orc warrior

Illustrated notes

Levels and vault maps discovered:
D:1:      beargit_arrival_greenhouse, layout_basic
D:2:      layout_basic, serial_curves, eino_curves_02, eino_curves_03,
          grunt_gozag_statues
D:3:      layout_rooms, serial_rivers, chequers_serial_rivers_micro_b,
          chequers_serial_rivers_room_a, chequers_serial_rivers_marsh,
          chequers_serial_rivers_micro_b, chequers_serial_rivers_large_b,
          okawaru_altar_gauntlet_db
D:4:      layout_gridville, overflow_temple_1_default,
          minmay_temple_entry_wispy, serial_shops, shop, nicolae_shop_crystal,
          nicolae_shop_stone, nicolae_shop_behind_doors, chequers_garden
D:5:      layout_loops_cross, uniq_prince_ribbit1
D:6:      layout_loops_cross, serial_shops, kennysheep_mini
D:8:      layout_basic, serial_curves, eino_curves_04, eino_curves_01,
          uniq_erica

Skill      XL: |  1  2  3  4  5  6 |
---------------+-------------------+-----
Fighting       | 4 5 |  5.2
Axes           | 4 5 |  5.2
Shields        | 1 2 3 |  3.5
Armour         | 3 4 |  4.4
Dodging        | 3 4 |  4.0
Evocations     | 1 |  1.6

Action                   |  1- 3 |  4- 6 || total
-------------------------+-------+-------++-------
Melee: Hand axe          |    63 |   185 ||   248
       Headbutt          |     4 |    36 ||    40
Invok: Trog's Hand       |       |     1 ||     1
Armor: Animal skin       |     3 |       ||     3
       Plate armour      |    39 |   117 ||   156
Dodge: Dodged            |    24 |    73 ||    97
Block: Buckler           |    10 |    37 ||    47
